 Dungeon Crawl Stone Soup version 0.30-a0-39-g42789b21ef (webtiles) character file.

Game seed: 3306046467295465641

61 ytrimaz the Insei (level 4, -3/28 HPs)
             Began as an Octopode Transmuter on Aug 28, 2022.
             Slain by a gnoll
             ... wielding a +0 spear
              (7 damage)
             ... on level 3 of the Dungeon.
             The game lasted 00:01:48 (2385 turns).

ytrimaz the Insei (Octopode Transmuter)             Turns: 2385, Time: 00:01:49

Health: -3/28      AC:  2    Str:  9    XL:     4   Next: 7%
Magic:  4/7        EV: 20    Int: 17    God:
Gold:   191        SH:  0    Dex: 23    Spells: 1/7 levels left

rFire   + . .      SeeInvis .      - Unarmed
rCold   . . .      Faith    .    (shield currently unavailable)
rNeg    . . .      Spirit   .    (helmet currently unavailable)
rPois   x          Reflect  .    (no amulet)
rElec   .          Harm     .    f - ring of protection from fire
rCorr   .          Rampage  .    c - +6 ring of dexterity
Will    .....                    (no ring)
Stlth   ++........               (no ring)
HPRegen 0.09/turn                (no ring)
MPRegen 0.10/turn                (no ring)
                                 (no ring)
                                 (no ring)

@: spider-form (expiring), hasted, very quick
A: venomous fangs, almost no armour, (amphibious), 8 rings, tiny, (camouflage
1), (gelatinous body 1), (nimble swimmer 1), (tentacles)
a: End Transformation


You were on level 3 of the Dungeon.
You were a venomous arachnid creature.
You visited 1 branch of the dungeon, and saw 3 of its levels.

You collected 191 gold pieces.

Inventory:

Jewellery
 c - a +6 ring of dexterity (right front leg)
 f - a ring of protection from fire (left front leg)
Potions
 a - a potion of lignification
 b - a potion of mutation
 d - a potion of haste
 e - a potion of curing {unknown}
 g - a potion of might
 k - a potion of degeneration {unknown}


   Skills:
 - Level 1.0 Fighting
 - Level 2.0 Dodging
 + Level 4.2 Unarmed Combat
 - Level 2.0 Spellcasting
 * Level 2.4 Transmutations
 * Level 1.4 Poison Magic


You had one spell level left.
You knew the following spells:

 Your Spells              Type           Power      Damage    Failure   Level
a - Beastly Appendage     Tmut           20%        N/A       19%         1
b - Wereblood             Tmut           10%        N/A       26%         2
c - Spider Form           Tmut/Pois      8%         N/A       47%         3

Your spell library contained the following spells:

 Spells                   Type           Power      Damage    Failure   Level
 Call Canine Familiar     Summ           1%         N/A       71%         3
 Portal Projectile        Hex/Tloc       2%         N/A       71%         3
 Ice Form                 Ice/Tmut       5%         N/A       89%         4
 Leda's Liquefaction      Hex/Erth       0%         N/A       96%         4


Dungeon Overview and Level Annotations

Branches:
Dungeon (3/15)

Altars:
Kikubaaqudgha


Innate Abilities, Weirdness & Mutations

You are a venomous arachnid creature.
You have poisonous fangs.
You are tiny and dextrous.
Your spellcasting is less reliable in this form.
Your armour is entirely melded.
You are incapable of wielding weapons or throwing items.
You cannot wear most types of armour.
((You are amphibious.))
You can wear up to eight rings at the same time.
((Your skin changes colour to match your surroundings (Stealth+).))
((Your rubbery body absorbs attacks. (AC +1, EV +1)))
((You are camouflaged when in or above water. (Stealth+)))
((You have tentacles for arms and can constrict up to eight enemies at once.))


Message History

A gnoll comes into view. It is wielding a +0 spear.
There are monsters nearby!
There are monsters nearby!
A gnoll comes into view. It is wielding a +0 whip.
Found a stone staircase leading down.
The gnoll shouts! x3
Casting: Beastly Appendage (safe; 8% risk of failure)
Confirm with . or Enter, or press ? or * to list all spells.
The spell is extremely dangerous to miscast (28% risk of failure)!
Continue anyway?
You turn into a venomous arachnid creature.
A bat comes into view.
The bat moves out of view.
Unknown command.
The gnoll hits you with a +0 whip!
You bite the gnoll!
The gnoll is poisoned.
The gnoll is heavily wounded.
The gnoll hits you from afar with a +0 spear!
You hit the gnoll.
The gnoll looks as sick as possible!
The gnoll is severely wounded.
You kill the gnoll!
The gnoll misses you.
You have reached level 4!
Your transformation is almost over.
Okay, then.
Okay, then.
You feel yourself speed up. The gnoll closely misses you.
The gnoll completely misses you.
You hit the gnoll.
The gnoll is poisoned.
The gnoll is lightly wounded.
There are no items here.
You barely miss the gnoll.
The gnoll is lightly wounded.
The gnoll hits you with a +0 whip.
* * * LOW HITPOINT WARNING * * *
The gnoll hits you with a +0 spear.
* * * LOW HITPOINT WARNING * * *
You hit the gnoll.
The gnoll looks as sick as possible!
The gnoll is heavily wounded.
The gnoll hits you with a +0 spear!
You die...

#.# #.# #.# #†# .##.# #.#
#.# ...# ##.## #†# ....#
#...###.## ....# #
#.#...)..# #.#.# .#
#...###..########.#.####..##
#######..#........#.........
#...#.# #gs............
#.#.#.###g#........$...
#.#....##.##...........
#.###..##.##)###.....#.
#.###..#[...## #......
#...........# ......
#####..#....# ......
#..##.##.# >..... #..##.#
#.. #..


You could see 2 gnolls.

Vanquished Creatures
  A gnoll (D:3)
  An adder (D:2)
  2 worms (D:2)
  A ball python (D:1)
  2 endoplasms
  2 giant cockroaches (D:1)
  2 goblins
  6 hobgoblins
  5 jackals
  A kobold (D:1)
  3 bats
  4 frilled lizards
  3 rats (D:1)
33 creatures vanquished.

Notes
Turn   | Place    | Note
-------+----------+-------------------------------------------
     0 | D:1      | ytrimaz the Octopode Transmuter began the quest for the
                  | Orb.
     0 | D:1      | Reached XP level 1. HP: 13/13 MP: 3/3
   261 | D:1      | Reached XP level 2. HP: 11/18 MP: 3/5
   863 | D:1      | Reached skill level 4 in Unarmed Combat
  1301 | D:1      | Learned a level 2 spell: Wereblood
  1464 | D:2      | Reached XP level 3. HP: 23/23 MP: 6/6
  1468 | D:2      | Learned a level 3 spell: Spider Form
  1739 | D:2      | Found an ancient bone altar of Kikubaaqudgha.
  1818 | D:2      | Reached skill level 1 in Poison Magic
  2215 | D:2      | Identified the +1 scale mail "Nehaps" {rC+}
  2375 | D:3      | Reached XP level 4. HP: 10/28 MP: 3/7
  2385 | D:3      | Slain by a gnoll

Illustrated notes

Levels and vault maps discovered:
D:1:      dpeg_arrival_tiny_e, layout_loops_ring
D:2:      layout_loops_ring, basic_altar, minmay_liquid_box
D:3:      layout_loops_ring, general_overflow_altar

Skill      XL: |  1  2  3 |
---------------+----------+-----
Unarmed Combat | 4 |  4.2
Poison Magic   | 1 |  1.4
Fighting       | |  1.0
Dodging        | |  2.0
Spellcasting   | |  2.0
Transmutations | |  2.4

Action                   |  1- 3 |  4- 6 || total
-------------------------+-------+-------++-------
Melee: Unarmed           |    67 |     3 ||    70
       Constrict         |    17 |       ||    17
       Kick              |    15 |       ||    15
       Tentacles         |    15 |       ||    15
       Punch             |     1 |       ||     1
 Cast: Beastly Appendage |    23 |       ||    23
       Spider Form       |     1 |       ||     1
  Use: Scroll            |     7 |       ||     7
       Potion            |       |     1 ||     1
 Stab: Sleeping          |     9 |       ||     9
Armor: Skin              |     3 |       ||     3
Dodge: Dodged            |    38 |     2 ||    40

Table legend: (Time is in decaauts)
 A = Elapsed time spent in this place.
 B = Non-inter-level travel time spent in this place.
 C = Inter-level travel time spent in this place.
 D = Time resting spent in this place.
 E = Time spent auto-exploring this place.
 F = Levels seen in this place.
 G = Mean time per level.
                   A        B        C        D        E       F      G
               +--------+--------+--------+--------+--------+-----+--------+
         Total |   2377 |   2305 |     72 |    200 |   1794 |   3 |  792.3 |
       Dungeon |   2377 |   2305 |     72 |    200 |   1794 |   3 |  792.3 |
               +--------+--------+--------+--------+--------+-----+--------+

Top non-repeatable levels by time:
     D:1: 1301 daAuts
     D:2: 1009 daAuts
     D:3: 67 daAuts
